 Dungeon Crawl Stone Soup version 0.30-a0-939-gc8157cb160 (webtiles) character file.

Game seed: 68849109548720164

6916 RepoMan the Grappler (level 10, -1/82 HPs)
             Began as a Mummy Fighter on Mar 25, 2023.
             Was a Follower of Wu Jian.
             Succumbed to barbed spike wounds
             ... on level 11 of the Dungeon.
             The game lasted 01:07:18 (12972 turns).

RepoMan the Grappler (Mummy Fighter)               Turns: 12972, Time: 01:07:18

Health: -1/82      AC: -2    Str: 24    XL:     10   Next: 79%
Magic:  19/19      EV: 10    Int:  7    God:    Wu Jian [*.....]
Gold:   237        SH:  5    Dex: 12    Spells: 9/9 levels left

rFire   x . .      SeeInvis .      - Unarmed
rCold   + + .      Faith    +    b - +0 buckler
rNeg    + + +      Spirit   .    h - +3 ring mail of Wonder {Stlth+}
rPois   ∞          Reflect  .    (no helmet)
rElec   .          Rampage  .    (no cloak)
rCorr   .                        (no gloves)
Will    +....                    f - +0 pair of boots
Stlth   ++                       (no amulet)
HPRegen 0.33/turn                r - ring of magical power
MPRegen 0.16/turn                e - ring of protection from cold

@: spiked, corroded
A: cold resistance 1, negative energy resistance 3, torment resistance 2, heat
vulnerability 1, in touch with death 1, no potions, faith
a: Renounce Religion


You were on level 11 of the Dungeon.
You worshipped Wu Jian.
Wu Jian was aware of your devotion.
You visited 2 branches of the dungeon, and saw 12 of its levels.
You also visited: Ossuary and Bailey.

You collected 513 gold pieces.
You spent 276 gold pieces at shops.

Inventory:

Hand Weapons
 g - a +0 heavy spear
Missiles
 c - 16 boomerangs (quivered)
 s - 10 poisoned darts
 t - 3 curare-tipped darts
Armour
 b - a +0 buckler (worn)
 f - a +0 pair of boots (worn)
 h - the +3 ring mail of Wonder (worn) {Stlth+}
   (You bought it in a shop on level 1 of the Dungeon)

   Stlth:     It makes you more stealthy.
 m - a +0 troll leather armour
 p - the +0 leather armour "Duysemp" {rN+ SInv}
   (You found it on level 9 of the Dungeon)

   rN:        It protects you from negative energy.
   SInv:      It lets you see invisible.
Magical Staves
 l - a staff of fire
Jewellery
 e - a ring of protection from cold (right hand)
 r - a ring of magical power (left hand)
Scrolls
 a - 2 scrolls of immolation
 d - 2 scrolls of enchant armour
 i - a scroll of teleportation
 j - a scroll of noise
 k - 3 scrolls of magic mapping
 o - a scroll of amnesia
 q - 3 scrolls of enchant weapon
 u - a scroll of identify


   Skills:
 + Level 8.7 Fighting
 - Level 3.3 Armour
 + Level 1.3 Dodging
 - Level 2.2 Stealth
 + Level 4.7 Shields
 * Level 11.1 Unarmed Combat


You had 9 spell levels left.
You didn't know any spells.
Your spell library contained the following spells:

 Spells                   Type           Power      Damage    Failure   Level
 Cigotuvi's Dreadful Rot  Necr/Pois/Air  0%         N/A       80%         2
 Poisonous Vapours        Pois/Air       0%         N/A       80%         2
 Call Canine Familiar     Summ           0%         N/A       95%         3
 Mephitic Cloud           Conj/Pois/Air  0%         N/A       95%         3
 Portal Projectile        Hex/Tloc       0%         N/A       95%         3
 Leda's Liquefaction      Hex/Erth       0%         N/A       100%        4


Dungeon Overview and Level Annotations

Branches:
Dungeon (11/15)            Temple (1/1) D:6             Orc (0/2) D:10
Ossuary (visited)          Bailey (visited)
   Lair: D:8-11

Altars:
Ashenzari
Cheibriados
Dithmenos
Fedhas
Gozag
Hepliaklqana
Kikubaaqudgha
Makhleb
Nemelex Xobeh
Okawaru
Qazlal
Ru
Sif Muna
Trog
Uskayaw
Vehumet
Wu Jian
Xom
Yredelemnul

Shops:
D:1 *:*!:   D:2 (

Annotations:
D:4 1 runed translucent door, exclusion: downstairs, Jano's ghost, amateur DsFi
D:5 Dowan
D:6 1 exclusion
D:9 exclusion: two-headed ogre
D:10 1 runed translucent door, ouz's ghost, journeyman DEAE


Innate Abilities, Weirdness & Mutations

You are immune to poison.
Your flesh is cold resistant. (rC+)
You are immune to negative energy. (rN+++)
You are immune to unholy pain and torment.
You are vulnerable to heat. (rF-)
You are in touch with the powers of death.
You do not drink.
You have a special connection with the divine. (Faith)


Message History

You can now lightly attack monsters by moving around them.
Reactivating autopickup.
You feel a bit more experienced.
An acid dragon comes into view.
Items here: )) [[ †.
Okay, then.
Unknown command.
You aren't carrying any items that you can evoke.
Unknown command.
The acid dragon spits acid at you. The splash of acid hits you!
The acid corrodes you!
You hear a bellow!
You hear a shout!
You hear a bellow! x2
Things that are here:
a +0 club; an orc corpse The acid dragon spits acid at you.
The splash of acid hits you!! The acid corrodes you!
You see here a +0 shortbow.
The acid dragon spits acid at you. The splash of acid hits you!!
* * * LOW HITPOINT WARNING * * *
The acid corrodes you!
There is a stone staircase leading down here.
You climb downwards.
There is a stone staircase leading up here.
Found a stone staircase leading down.
You open the door.
The manticore flicks its tail.
The volley of spikes hits you!!
The barbed spikes become lodged in your body.
* * * LOW HITPOINT WARNING * * *
As you read the scroll of fear, it crumbles to dust.
You assume a fearsome visage.
The manticore resists with some effort.
Blink to where?
Press: ? - help, Dir - move target
As you read the scroll of blinking, it crumbles to dust.
The barbs in your skin will harm you if you move.
Continue?
Okay, then.
The barbs in your skin will harm you if you move.
Continue?
The barbed spikes dig painfully into your body as you move.
You die...

............#
............#
........H.###
..........'......
.........##......
#####+#..# ......
#..# ..... ##..#
..... #@..# ....
#...# .... ....#
#...... ###....#
....# ...## ...#


You could see a manticore.

Vanquished Creatures
  A boulder beetle (D:9)
  3 unseen horror zombies (D:8)
  A troll (D:8)
  2 hornets
  Eustachio (D:5)
  A wraith (D:9)
  A shadow (D:10)
  4 wyverns
  A water moccasin (D:8)
  Duvessa (D:5)
  A hornet zombie (D:8)
  3 orc warriors
  An ice beast (D:7)
  A sky beast (D:7)
  3 centaurs
  2 phantoms (D:5)
  A kobold brigand (D:9)
  5 bullfrogs
  3 scorpions
  3 wights
  12 killer bees
  2 howler monkeys
  An electric eel (D:9)
  3 centaur zombies (D:8)
  6 hounds
  3 jellies
  5 orc priests
  4 iguanas
  3 sleepcaps
  14 orc wizards
  3 mummies
  A howler monkey zombie (D:8)
  11 adders
  A gnoll (Bailey)
  A shadow imp (D:7)
  An ufetubus (D:6)
  4 worms (D:3)
  6 dart slugs
  47 orcs
  5 bats
  8 endoplasms
  A giant cockroach (D:1)
  14 goblins
  9 hobgoblins
  12 jackals
  17 kobolds
  2 quokkas
  5 ball pythons
  2 frilled lizards (D:2)
  2 gnoll zombies (Ossuary)
  A goblin zombie (D:4)
  A hobgoblin zombie (Ossuary)
  3 kobold zombies
  3 orc zombies (Ossuary)
  5 rats
257 creatures vanquished.

Vanquished Creatures (collateral kills)
  An orc (D:4)
1 creature vanquished.

Vanquished Creatures (others)
  An orc wizard (D:6)
1 creature vanquished.

Grand Total: 259 creatures vanquished

Notes
Turn   | Place    | Note
-------+----------+-------------------------------------------
     0 | D:1      | RepoMan the Mummy Fighter began the quest for the Orb.
     0 | D:1      | Reached XP level 1. HP: 18/18 MP: 1/1
   196 | D:1      | Reached skill level 2 in Unarmed Combat
   212 | D:1      | Found Kaum's Distillery.
   212 | D:1      | Found Tepreom's Book Emporium.
   216 | D:1      | Found Zath's General Store.
   247 | D:1      | Bought a scroll of teleportation for 33 gold pieces
   278 | D:1      | Reached XP level 2. HP: 24/24 MP: 2/2
   334 | D:1      | Found Xuogecil's Assorted Antiques.
   451 | D:1      | Found Estriyca's Book Shoppe.
   623 | D:1      | Gained mutation: You are in touch with the powers of death.
                  | [Mummy growth]
   623 | D:1      | Reached XP level 3. HP: 29/29 MP: 3/3
   676 | D:1      | Reached skill level 3 in Unarmed Combat
   992 | D:2      | Found Punt's Weapon Shoppe.
  1036 | D:2      | Found a faded altar of an unknown god.
  1687 | D:3      | Found a broken altar of Ashenzari.
  1988 | D:3      | Reached XP level 4. HP: 35/35 MP: 4/4
  2546 | D:4      | Reached skill level 4 in Unarmed Combat
  2571 | D:4      | Reached XP level 5. HP: 20/41 MP: 5/5
  2595 | D:4      | Found a burning altar of Makhleb.
  2846 | D:4      | Found a sand-covered staircase.
  3067 | Ossuary  | Entered an ossuary
  3107 | Ossuary  | Reached skill level 5 in Unarmed Combat
  3210 | D:4      | Reached XP level 6. HP: 37/47 MP: 6/6
  3847 | D:4      | Found a runed translucent door.
  3852 | D:4      | Noticed Jano's ghost (amateur DsFi)
  4098 | D:5      | Entered Level 5 of the Dungeon
  4286 | D:5      | Noticed Eustachio
  4313 | D:5      | HP: 1/47 [Eustachio/+0 rapier of draining (2)]
  4314 | D:5      | Killed Eustachio
  4315 | D:5      | Reached skill level 6 in Unarmed Combat
  4315 | D:5      | Reached XP level 7. HP: 1/53 MP: 7/7
  4930 | D:5      | Reached skill level 7 in Unarmed Combat
  5028 | D:5      | Reached skill level 5 in Fighting
  5028 | D:5      | Reached XP level 8. HP: 57/62 MP: 8/8
  5229 | D:5      | Noticed a hornet
  5239 | D:5      | Killed a hornet
  5642 | D:5      | Noticed Duvessa
  5839 | D:6      | Found an ancient bone altar of Kikubaaqudgha.
  5927 | D:5      | Killed Duvessa
  5928 | D:5      | Reached skill level 8 in Unarmed Combat
  5941 | D:5      | Noticed Dowan
  6333 | D:1      | Bought a scorched ring mail for 243 gold pieces
  6333 | D:1      | Identified the +3 ring mail of Wonder {Stlth+} (You bought
                  | it in a shop on level 1 of the Dungeon)
  6676 | D:6      | Reached skill level 1 in Stealth
  6755 | D:6      | Found a shimmering altar of Xom.
  6764 | D:6      | Found a shadowy altar of Dithmenos.
  6950 | D:6      | Found a staircase to the Ecumenical Temple.
  6959 | Temple   | Entered the Ecumenical Temple
  7361 | D:7      | Found a flagged portal.
  7420 | Bailey   | Entered a bailey
  7465 | Bailey   | Noticed an orc warlord
  7614 | Bailey   | Reached XP level 9. HP: 28/69 MP: 9/9
  8755 | D:8      | Reached skill level 9 in Unarmed Combat
  8822 | D:8      | Found a shimmering blue altar of Sif Muna.
  9567 | D:8      | Found a basalt altar of Yredelemnul.
  9581 | D:8      | Reached XP level 10. HP: 45/79 MP: 10/10
  9867 | D:8      | Reached skill level 10 in Unarmed Combat
 10170 | D:8      | Found a hazy altar of Hepliaklqana.
 11251 | D:9      | Found a snail-covered altar of Cheibriados.
 11251 | D:9      | Noticed a boulder beetle
 11855 | D:9      | Killed a boulder beetle
 12017 | D:9      | Identified the +0 leather armour "Duysemp" {rN+ SInv}
 12231 | D:9      | Found an ornate altar of the Wu Jian Council.
 12241 | D:9      | Became a worshipper of the Wu Jian Council
 12327 | D:9      | Noticed a two-headed ogre
 12392 | D:10     | Entered Level 10 of the Dungeon
 12455 | D:10     | Found a runed translucent door.
 12455 | D:10     | Noticed ouz's ghost (journeyman DEAE)
 12610 | D:10     | Reached skill level 1 in Dodging
 12610 | D:10     | Reached skill level 11 in Unarmed Combat
 12786 | D:10     | Found a staircase to the Orcish Mines.
 12950 | D:10     | Reached * piety under Wu Jian
 12962 | D:11     | Noticed a manticore
 12967 | D:11     | HP: 3/82 [manticore/volley of spikes (18)]
 12972 | D:11     | Succumbed to barbed spike wounds

Illustrated notes

Levels and vault maps discovered:
D:1:      nzn_arrival_depleted_hourglass, layout_rooms, serial_shops, shop,
          nicolae_shop_trees, nicolae_shop_hallway_stairs, shop, shop,
          minmay_stone_trees_medium
D:2:      layout_loops_ring, ebering_ecumenical_altar_abandoned, serial_shops,
          nicolae_shop_bloodbath_and_beyond, minmay_statues_item
D:3:      layout_loops_ring, mainiacjoe_overflow_tiny_flanked, nicolae_wormholes
D:4:      layout_basic, makhleb_heckhound_becter, ebering_ghost_sewer_d,
          nicolae_ossuary_entry_giza, minmay_pentangle
D:5:      layout_loops_corners, uniq_eustachio, uniq_duvessa
D:6:      layout_gridville, lemuel_crystal_altar, mainiacjoe_overflow_swirl,
          lemuel_temple_firewalk_a
D:7:      layout_basic, enter_bailey_5
D:8:      layout_basic, mainiacjoe_overflow_cross_hatched,
          worldfamousw_hep_ancestral_shrine, nicolae_yredelemnul_corpse_copse
D:9:      layout_basic, nicolae_wu_jian_immortal_techniques,
          mainiacjoe_overflow_concentric_impassable, kennysheep_slug_shrine,
          minmay_misc_feat_plants
D:10:     layout_rooms, zin_academy, orc_0_dummy,
          hellmonk_ghost_happy_afterlife, kennysheep_generic_room_8
D:11:     layout_irregular_city, lair_entry_dummy, ebering_ghost_disaster_area,
          fedhas_bush_and_centaur_altar
Temple:   chequers_temple_sunken

Skill      XL: |  1  2  3  4  5  6  7  8  9 10 |
---------------+-------------------------------+-----
Unarmed Combat | 2 3 4 5 6 7 8 9 11 | 11.1
Fighting       | 5 6 7 8 |  8.7
Stealth        | 1 2 |  2.2
Shields        | 4 |  4.7
Armour         | 3 |  3.3
Dodging        | 1 |  1.3

Action                     |  1- 3 |  4- 6 |  7- 9 | 10-12 || total
---------------------------+-------+-------+-------+-------++-------
  Melee: Unarmed           |   161 |   278 |   463 |   236 ||  1138
  Throw: Stone             |     2 |    24 |    27 |       ||    53
         Dart              |       |    19 |    28 |     7 ||    54
         Boomerang         |       |       |    25 |    41 ||    66
Ability: Lunge             |       |       |       |     1 ||     1
  Evoke: Wand              |       |       |       |     8 ||     8
    Use: Scroll            |     3 |    14 |     2 |     5 ||    24
   Stab: Sleeping          |       |       |     2 |       ||     2
         Paralysed         |       |       |       |    12 ||    12
 Armour: Scale mail        |    71 |   103 |    65 |       ||   239
         Ring mail         |       |       |   118 |    61 ||   179
  Dodge: Dodged            |    46 |    99 |   207 |    88 ||   440
  Block: Buckler           |    24 |    36 |    65 |    49 ||   174

Table legend: (Time is in decaauts)
 A = Elapsed time spent in this place.
 B = Non-inter-level travel time spent in this place.
 C = Inter-level travel time spent in this place.
 D = Time resting spent in this place.
 E = Time spent auto-exploring this place.
 F = Levels seen in this place.
 G = Mean time per level.
                   A        B        C        D        E       F      G
               +--------+--------+--------+--------+--------+-----+--------+
         Total |  12941 |  12339 |    602 |   3267 |   4758 |  14 |  924.4 |
       Dungeon |  12547 |  11973 |    574 |   3179 |   4758 |  11 | 1140.6 |
        Temple |     63 |     35 |     28 |      0 |      0 |   1 |   63.0 |
       Ossuary |     63 |     63 |      0 |      4 |      0 |   1 |   63.0 |
        Bailey |    266 |    266 |      0 |     84 |      0 |   1 |  266.0 |
               +--------+--------+--------+--------+--------+-----+--------+

Top non-repeatable levels by time:
     D:8: 2098 daAuts
     D:5: 1929 daAuts
     D:4: 1896 daAuts
     D:9: 1549 daAuts
     D:7: 1194 daAuts
     D:3: 942 daAuts
     D:1: 844 daAuts
     D:2: 783 daAuts
     D:6: 745 daAuts
    D:10: 553 daAuts
  Bailey: 266 daAuts
 Ossuary: 63 daAuts
  Temple: 63 daAuts
    D:11: 9 daAuts
